 Dungeon Crawl Stone Soup version 0.26-a0-651-gb41185065b (webtiles) character file.

Game seed: 9359521659331893980

5574 Ozzies the Fighter (level 10, -17/68 HPs)
             Began as a Gargoyle Fighter on Oct 14, 2020.
             Was an Initiate of Okawaru.
             Demolished by an orc warrior
             ... wielding a +0 short sword
              (21 damage)
             ... on level 7 of the Dungeon.
             The game lasted 00:14:52 (8662 turns).

Ozzies the Fighter (Gargoyle Fighter)               Turns: 8662, Time: 00:14:53

Health: -17/68     AC: 20    Str: 22    XL:     10   Next: 72%
Magic:  10/10      EV: 11    Int: 10    God:    Okawaru [......]
Gold:   869        SH: 10    Dex:  9    Spells: 9/9 levels left

rFire    + . .     SeeInvis .   a - +0 whip (elec)
rCold    . . .     Faith    .   c - +0 kite shield
rNeg     + . .     Spirit   .   H - +0 swamp dragon scales
rPois    ∞         Reflect  .   o - +0 helmet
rElec    +         Harm     .   (no cloak)
rCorr    .         Rampage  .   F - +0 pair of gloves
MR       +....                  L - +0 pair of boots
Stlth    ..........             e - amulet of regeneration
HPRegen  0.61/turn              i - ring of protection from magic
MPRegen  0.12/turn              j - ring of protection from fire

@: no status effects
A: negative energy resistance 1, electricity resistance, unbreathing,
petrification resistance, rot immunity, AC +7
a: Renounce Religion


You were on level 7 of the Dungeon.
You worshipped Okawaru.
Okawaru was noncommittal.
You visited 2 branches of the dungeon, and saw 10 of its levels.
You also visited: Sewer.

You collected 990 gold pieces.
You paid 121 gold pieces to Gozag.

Inventory:

Hand Weapons
 a - a +0 whip of electrocution (weapon)
 O - a +3 dire flail of draining
Armour
 c - a +0 kite shield (worn)
 o - a +0 helmet (worn)
 F - a +0 pair of gloves (worn)
 H - +0 swamp dragon scales (worn)
 L - a +0 pair of boots (worn)
 M - a +0 plate armour
Jewellery
 e - an amulet of regeneration (around neck)
 i - a ring of protection from magic (left hand)
 j - a ring of protection from fire (right hand)
 K - an uncursed ring of ice
Wands
 s - a wand of polymorph (11)
Scrolls
 f - 3 scrolls of enchant weapon {unknown}
 h - 4 scrolls of teleportation
 l - 2 scrolls of fog {unknown}
 m - 8 scrolls of identify {@r1}
 n - 2 scrolls of blinking {unknown}
 q - a scroll of amnesia {unknown}
 t - 6 scrolls of remove curse {@r2}
 u - a scroll of fear {!r}
 y - a scroll of immolation {unknown}
 B - 3 scrolls of enchant armour {unknown}
 D - 2 scrolls of noise {unknown}
 I - a scroll of acquirement {unknown}
Potions
 d - 2 potions of might {@q3 !q}
 k - 3 potions of curing {@q1 !q}
 p - 2 potions of mutation {unknown}
 r - a potion of haste {unknown}
 v - a potion of magic {unknown}
 w - a potion of brilliance {unknown}
 x - 3 potions of heal wounds {@q2 !q}
 C - 2 potions of lignification {unknown}
 E - a potion of berserk rage {unknown}
 G - 2 potions of flight {unknown}
 N - 2 potions of stabbing {unknown}


   Skills:
 + Level 10.5 Fighting
   Level 3.0 Short Blades
 * Level 7.8 Maces & Flails
 + Level 7.0 Armour
 + Level 4.1 Dodging
 + Level 7.1 Shields


You had 9 spell levels left.
You didn't know any spells.
Your spell library contained the following spells:

 Spells                   Type           Power        Failure   Level
 Foxfire                  Conj/Fire      #...         85%         1
 Confusing Touch          Hex            #.......     99%         3
 Conjure Flame            Conj/Fire      #.......     99%         3
 Gell's Gravitas          Tloc           #.........   99%         3
 Inner Flame              Hex/Fire       #.......     99%         3
 Petrify                  Tmut/Erth      #.......     100%        4
 Sticky Flame             Conj/Fire      #.......     100%        4
 Fireball                 Conj/Fire      #.........   100%        5
 Metabolic Englaciation   Hex/Ice        #.........   100%        5
 Yara's Violent Unravell  Hex/Tmut       #.........   100%        5


Dungeon Overview and Level Annotations

Branches:
Dungeon (9/15)             Temple (1/1) D:7           Sewer (visited)
   Lair: D:8-11         Orc: D:9-12

Altars:
Ashenzari
Cheibriados
Dithmenos
Elyvilon
Fedhas
Gozag
Hepliaklqana
Kikubaaqudgha
Makhleb
Nemelex Xobeh
Okawaru
Qazlal
Ru
Sif Muna
Trog
Uskayaw
Vehumet
Wu Jian
Xom
Yredelemnul
Zin
The Shining One

Shops:
D:5 :


Innate Abilities, Weirdness & Mutations

You are resistant to torment.
Your stone body is resilient. (AC +7)
You are immune to poison.
You resist negative energy. (rN+)
You are resistant to electric shocks. (rElec)
You can survive without breathing.
You are immune to petrification.
You are immune to rotting.


Message History

You block the orc warrior's attack. The orc hits you but does no damage.
You block the orc warrior's attack.
You see here a smelly leather armour.
You closely miss the orc warrior. The orc hits you but does no damage.
The orc warrior barely misses you. You block the orc's attack.
You hit the orc warrior but do no damage.
The orc warrior hits you but does no damage.
The orc hits you but does no damage. The orc closely misses you.
You barely miss the orc warrior. You block the orc warrior's attack.
You hit the orc warrior but do no damage.
The orc warrior hits you but does no damage.
You block the orc's attack. The orc hits you with a +0 falchion.
You hit the orc warrior but do no damage.
The orc warrior barely misses you. The orc hits you but does no damage.
You block the orc's attack. You block the orc warrior's attack.
You hit the orc warrior.
Lightning courses through the orc warrior!
The orc warrior is heavily wounded.
The orc warrior hits you with a +0 short sword!
You hit the orc warrior but do no damage.
The orc warrior is heavily wounded.
The orc hits you but does no damage. You block the orc's attack.
The orc hits you with a +0 falchion.
The orc warrior hits you with a +0 short sword!!
You are too injured to fight recklessly!
You are too injured to fight recklessly!
You are too injured to fight recklessly!
You are too injured to fight recklessly!
You are too injured to fight recklessly!
You are too injured to fight recklessly!
You are too injured to fight recklessly!
You are too injured to fight recklessly!
You are too injured to fight recklessly!
You are too injured to fight recklessly!
You are too injured to fight recklessly!
You are too injured to fight recklessly!
You are too injured to fight recklessly!
You are too injured to fight recklessly!
You are too injured to fight recklessly!
You are too injured to fight recklessly!
You are too injured to fight recklessly!
You are too injured to fight recklessly!
You are too injured to fight recklessly!
You are too injured to fight recklessly!
You are too injured to fight recklessly!
You barely miss the orc warrior.
The orc warrior is heavily wounded.
The orc closely misses you. The orc completely misses you.
You block the orc warrior's attack. The orc hits you but does no damage.
You block the orc's attack.
You closely miss the orc warrior.
The orc warrior is heavily wounded.
You block the orc warrior's attack. The orc closely misses you.
The orc hits you but does no damage. The orc warrior barely misses you.
You block the orc's attack. You block the orc warrior's attack.
You block the orc's attack.
The orc warrior hits you with a +0 short sword.
The orc warrior rages.
The orc warrior rages.
You block the orc warrior's attack.
The orc warrior hits you but does no damage.
There is a stone staircase leading up here.
The orc warrior hits you with a +0 short sword!!
* * * LOW HITPOINT WARNING * * *
You climb upwards.
There is a stone staircase leading down here.
Things that are here:
a +0 giant spiked club; a +0 giant club The orc closely misses you.
The orc warrior closely misses you.
The orc warrior rages.
The orc warrior hits you but does no damage.
The orc warrior closely misses you. The orc warrior closely misses you.
You block the orc warrior's attack. You block the orc warrior's attack.
The orc warrior hits you but does no damage.
The orc warrior hits you but does no damage.
The orc warrior rages.
The orc warrior hits you with a +0 short sword.
You see here a +0 flail.
The orc warrior hits you but does no damage.
There is a stone staircase leading up here.
Okay, then.
The orc warrior hits you with a +0 short sword.
The orc warrior hits you but does no damage.
You climb upwards.
There is a stone staircase leading down here.
The orc warrior rages.
The orc warrior hits you with a +0 short sword!
* * * LOW HITPOINT WARNING * * *
The orc warrior closely misses you. The orc warrior misses you.
The orc warrior hits you with a +0 short sword!!
* * * LOW HITPOINT WARNING * * *
Really read
u - 2 scrolls of fear {!r}?
As you read the scroll of fear {!r}, it crumbles to dust.
You assume a fearsome visage.
The orc warrior hits you with a +0 short sword!!
You die...

##....#.#..#####..# #.....# #
##....(...##...>.## #.....###
##....##......##### #.<......
...##.#####...# #.......#
...##.#.....#.# #.......#
....#.##.#.##.#### ##.......#
....#.##.#.......# #.........
....#.##.#####.o.#######.###.#...
...##..#.# ###@........###.....
.........### ##......#.###......
######.....####.........###......
#..##...............##......
#.######.#..................
###.#####..#.........##.#.....
#.>....#..#.............#.....
####......#.##........[.).<......
...............####....)....##...


You could see an orc warrior (berserk, incited).

Vanquished Creatures
  A two-headed ogre (D:8)
  Pikel (D:5)
  Joseph (D:8)
  Maggie (D:6)
  Grinder (D:5)
  A hippogriff (D:8)
  Prince Ribbit (D:6)
  Edmund (D:4)
  Duvessa (D:7)
  A water moccasin (D:7)
  A hornet zombie (D:7)
  2 ice beasts
  An orc warrior (D:7)
  2 sky beasts
  A phantom (D:5)
  4 ogres
  2 centaurs
  3 big kobolds (Sewer)
  A bullfrog (D:6)
  Dowan (D:7)
  2 scorpions
  7 hounds
  4 orc priests
  A jelly (D:8)
  4 orc wizards
  Jessica (D:2)
  2 iguanas
  Ijyb (D:3)
  Natasha (D:3)
  5 worker ants
  2 killer bee zombies
  A hound zombie (D:5)
  Robin (D:4)
  A howler monkey zombie (D:8)
  15 adders
  11 gnolls
  3 river rats (Sewer)
  3 shadow imps
  4 white imps
  2 ufetubi
  An ooze (D:5)
  9 worms
  18 dart slugs
  7 leopard geckos
  29 orcs
  6 ball pythons
  6 giant cockroaches
  16 goblins
  12 hobgoblins
  11 jackals
  11 kobolds
  4 quokkas
  7 bats
  4 frilled lizards
  A jackal skeleton (D:5)
  13 rats
254 creatures vanquished.

Vanquished Creatures (others)
  3 fungi (D:6)
  A plant (D:6)
4 creatures vanquished.

Grand Total: 258 creatures vanquished

Notes
Turn   | Place    | Note
-------+----------+-------------------------------------------
     0 | D:1      | Ozzies the Gargoyle Fighter began the quest for the Orb.
     0 | D:1      | Reached XP level 1. HP: 14/14 MP: 1/1
   240 | D:1      | Reached XP level 2. HP: 20/20 MP: 2/2
   365 | D:1      | Reached skill level 4 in Fighting
   526 | D:1      | Reached XP level 3. HP: 23/24 MP: 3/3
  1186 | D:2      | Noticed Jessica
  1202 | D:2      | Killed Jessica
  1202 | D:2      | Reached skill level 5 in Fighting
  1202 | D:2      | Reached XP level 4. HP: 14/31 MP: 4/4
  1708 | D:2      | Reached skill level 6 in Fighting
  1731 | D:2      | Found a burning altar of Makhleb.
  1752 | D:2      | Reached XP level 5. HP: 35/36 MP: 5/5
  2161 | D:3      | Noticed Ijyb
  2173 | D:3      | Killed Ijyb
  2304 | D:3      | Found a glowing drain.
  2321 | Sewer    | Entered a sewer
  2335 | Sewer    | Reached skill level 7 in Fighting
  2373 | Sewer    | Noticed a big kobold
  2373 | Sewer    | Noticed a big kobold
  2402 | Sewer    | Killed a big kobold
  2402 | Sewer    | Reached XP level 6. HP: 37/44 MP: 6/6
  2413 | Sewer    | Reached skill level 8 in Fighting
  2574 | Sewer    | Reached XP level 7. HP: 49/49 MP: 7/7
  2984 | D:3      | Noticed Natasha
  3013 | D:3      | Killed Natasha
  3134 | D:3      | Found a basalt altar of Yredelemnul.
  3134 | D:3      | Found a shimmering blue altar of Sif Muna.
  3188 | D:3      | Found a hide-covered altar of Uskayaw.
  3569 | D:4      | Reached skill level 1 in Dodging
  3645 | D:4      | Reached skill level 1 in Short Blades
  3853 | D:4      | Reached XP level 8. HP: 55/55 MP: 8/8
  3923 | D:4      | Noticed Edmund
  3945 | D:4      | Killed Edmund
  4187 | D:4      | Noticed Robin
  4203 | D:4      | Killed Robin
  4408 | D:5      | Entered Level 5 of the Dungeon
  4635 | D:5      | Reached skill level 5 in Armour
  4635 | D:5      | Reached skill level 5 in Shields
  4653 | D:5      | Noticed Pikel
  4674 | D:5      | Killed Pikel
  4674 | D:5      | Reached skill level 9 in Fighting
  4674 | D:5      | Reached XP level 9. HP: 46/60 MP: 9/9
  4690 | D:5      | Found Gosiowk's Book Emporium.
  5016 | D:5      | Noticed Grinder
  5045 | D:5      | Killed Grinder
  5289 | D:5      | Found an opulent altar of Gozag.
  5452 | D:5      | Became a worshipper of Gozag Ym Sagoz the Greedy
  5590 | D:6      | Reached skill level 5 in Maces & Flails
  5636 | D:6      | Noticed Maggie
  5650 | D:6      | Killed Maggie
  5667 | D:6      | Found a blossoming altar of Fedhas.
  5875 | D:6      | Reached skill level 10 in Fighting
  6169 | D:7      | Noticed Prince Ribbit
  6175 | D:7      | Noticed Duvessa
  6184 | D:7      | Noticed Dowan
  6335 | D:6      | Killed Prince Ribbit
  6380 | D:7      | Killed Duvessa
  6380 | D:7      | Reached XP level 10. HP: 64/68 MP: 10/10
  6392 | D:7      | Killed Dowan
  6718 | D:7      | Found a broken altar of Ashenzari.
  6748 | D:7      | Found a staircase to the Ecumenical Temple.
  6900 | D:7      | Found a stormy altar of Qazlal.
  7126 | Temple   | Entered the Ecumenical Temple
  7350 | D:8      | Got a smoking rapier
  7350 | D:8      | Identified the +10 rapier "Ogrebane" {vorpal, rF- rN++
                  | Str+3 Int+2} (You found it on level 8 of the Dungeon)
  7405 | D:8      | Noticed Joseph
  7427 | D:8      | Killed Joseph
  7485 | D:8      | Noticed a two-headed ogre
  7557 | D:8      | Killed a two-headed ogre
  8283 | Temple   | Fell from the grace of Gozag
  8283 | Temple   | Became a worshipper of Warmaster Okawaru
  8660 | D:7      | HP: 3/68 [orc warrior/+0 short sword (18)]
  8662 | D:7      | Demolished by an orc warrior

Illustrated notes

Levels and vault maps discovered:
D:1:      psy_arrival_heroes, layout_basic
D:2:      layout_loops_cross, chequers_serial_rivers_small_a,
          makhleb_heckhound_becter, uniq_jessica
D:3:      kennysheep_slugbush, layout_basic, lemuel_crystal_altar,
          amethyst_overflow_temple_binary, portal_sewer_entry_a, minmay_puff,
          uniq_natasha, uniq_ijyb
D:4:      layout_basic, grunt_decor_cap, uniq_edmund, uniq_robin
D:5:      layout_basic, grunt_gozag_breadcrumbs, serial_shops,
          nicolae_shop_stone, uniq_grinder, uniq_pikel
D:6:      layout_loops_cross, fedhas_altar_3, uniq_maggie
D:7:      layout_rooms, nicolae_overflow_crystal_walls, grunt_qazlal_clouds,
          lemuel_temple_firewalk_b, roderic_nine_men_s_morris, uniq_duvessa,
          uniq_prince_ribbit1
D:8:      layout_basic, uniq_joseph
D:9:      layout_stronghold, kennysheep_mini, worms_lemuel
Temple:   nicolae_temple_no_exploring_needed

Skill      XL: |  1  2  3  4  5  6  7  8  9 10 |
---------------+-------------------------------+-----
Fighting       | 4 5 6 7 8 9 10 | 10.5
Dodging        | 1 3 4 |  4.1
Short Blades   | 2 3 |  3.0
Shields        | 4 5 6 7 |  7.1
Armour         | 4 5 6 7 |  7.0
Maces & Flails | 3 6 7 |  7.8

Action                   |  1- 3 |  4- 6 |  7- 9 | 10-12 || total
-------------------------+-------+-------+-------+-------++-------
Melee: Flail             |   118 |   240 |    40 |       ||   398
       Unarmed           |       |     7 |       |       ||     7
       Dagger            |       |       |   402 |       ||   402
       Whip              |       |       |   198 |   277 ||   475
  Use: Scroll            |       |       |     6 |     1 ||     7
 Stab: Confused          |       |     1 |       |       ||     1
       Distracted        |       |       |       |     2 ||     2
Armor: Scale mail        |    78 |   137 |   138 |       ||   353
       Chain mail        |       |       |   217 |       ||   217
       Swamp dragon scal |       |       |    17 |   109 ||   126
Dodge: Dodged            |    43 |    92 |   201 |   118 ||   454
Block: Kite shield       |    65 |   110 |   310 |   151 ||   636

Table legend: (Time is in decaauts)
 A = Elapsed time spent in this place.
 B = Non-inter-level travel time spent in this place.
 C = Inter-level travel time spent in this place.
 D = Time resting spent in this place.
 E = Time spent auto-exploring this place.
 F = Levels seen in this place.
 G = Mean time per level.
                   A        B        C        D        E       F      G
               +--------+--------+--------+--------+--------+-----+--------+
         Total |   8818 |   8011 |    807 |    544 |   5044 |  11 |  801.6 |
       Dungeon |   8282 |   7494 |    788 |    544 |   4812 |   9 |  920.2 |
        Temple |     19 |      1 |     18 |      0 |      0 |   1 |   19.0 |
         Sewer |    517 |    517 |      0 |      0 |    231 |   1 |  517.0 |
               +--------+--------+--------+--------+--------+-----+--------+

Top non-repeatable levels by time:
     D:2: 1170 daAuts
     D:5: 1118 daAuts
     D:8: 1109 daAuts
     D:3: 1093 daAuts
     D:1: 1012 daAuts
     D:7: 976 daAuts
     D:4: 908 daAuts
     D:6: 860 daAuts
   Sewer: 517 daAuts
     D:9: 32 daAuts
  Temple: 19 daAuts
